 Dungeon Crawl Stone Soup version 0.23-a0-625-g1d2cd9b (webtiles) character file.

114 marthius the Skirmisher (level 4, -4/42 HPs)
             Began as a Minotaur Berserker on Dec 24, 2018.
             Was a Believer of Trog.
             Killed from afar by an orc wizard (5 damage)
             ... with a puff of frost
             ... on level 2 of the Dungeon.
             The game lasted 00:04:28 (1514 turns).

marthius the Skirmisher (Minotaur Berserker)        Turns: 1514, Time: 00:04:29

Health: -4/42      AC:  2    Str: 21 (23) XL:     4   Next: 67%
Magic:  3/3        EV: 12    Int:  4      God:    Trog [**....]
Gold:   27         SH:  0    Dex:  7 (9)  Spells: 3/3 levels left

rFire    . . .     SeeInvis .   a - +1 hand axe
rCold    . . .     Gourm    .   (no shield)
rNeg     . . .     Faith    .   b - +0 animal skin
rPois    .         Spirit   .   (helmet restricted)
rElec    .         Reflect  .   (no cloak)
rCorr    .         Harm     .   (no gloves)
MR       .....                  (no boots)
Stlth    +.........             (no amulet)
HPRegen  0.14/turn              (no ring)
MPRegen  0.08/turn              (no ring)

@: berserk cooldown, slowed, very slow
A: retaliatory headbutt, horns 2
a: Berserk, Trog's Hand, Renounce Religion


You were on level 2 of the Dungeon.
You worshipped Trog.
Trog was pleased with you.
You were hungry.

You visited 1 branch of the dungeon, and saw 2 of its levels.

You collected 27 gold pieces.

Inventory:

Hand Weapons
 a - a +1 hand axe (weapon)
Armour
 b - a +0 animal skin (worn)
 h - a +0 helmet
Jewellery
 n - an uncursed amulet of magic regeneration
Scrolls
 d - 2 scrolls of blinking
 e - a scroll of identify
 i - 2 scrolls of teleportation
Potions
 g - a potion of curing
Comestibles
 c - 4 rations
 f - 6 chunks of flesh


   Skills:
 + Level 5.2 Fighting
 + Level 4.6 Axes
 + Level 3.4 Armour
 - Level 2.4 Dodging


You had 3 spell levels left.
You didn't know any spells.
Your spell library was empty.

Dungeon Overview and Level Annotations

Branches:
Dungeon (2/15)

Altars:
Wu Jian


Innate Abilities, Weirdness & Mutations

You reflexively headbutt those who attack you in melee.
You have a pair of horns on your head.


Message History

* * * LOW HITPOINT WARNING * * *
Things that are here:
a +0 dagger; a +0 robe You feel a strong urge to attack something.
Something hits you.
* * * LOW HITPOINT WARNING * * *
Something hits you but does no damage.
A rat comes into view.
You barely miss something. Your headbutt misses something.
You are no longer berserk.
You are exhausted.
You feel as though you will be slow longer.
Something hits you.
* * * LOW HITPOINT WARNING * * *
You miss something. Something hits you.
* * * LOW HITPOINT WARNING * * *
You hear some strange, mumbled words.
A puff of frost appears from out of thin air!
The puff of frost hits you!
You die...

..############.#####
#.#...#.# .. #.#
#.#...#.# #. #.#
#.##.##.# #.#
#.......# #.#
####.####
#.##.####### #.#
#..........###
.....##.#).......
#### #.#@###.###
..#{.# .#.##)#
#+####r# ... #.##
#.# ###


You could see a rat.

Vanquished Creatures
  2 orc wizards (D:2)
  A gnoll (D:1)
  An adder (D:2)
  A worm (D:2)
  A dart slug (D:1)
  An orc (D:2)
  2 giant cockroaches
  2 goblins
  7 hobgoblins
  3 jackals (D:2)
  5 kobolds
  A quokka (D:2)
  3 bats (D:1)
  A frilled lizard (D:1)
  3 rats
34 creatures vanquished.

Notes
Turn   | Place    | Note
-------+----------+-------------------------------------------
     0 | D:1      | marthius the Minotaur Berserker began the quest for the
                  | Orb.
     0 | D:1      | Reached XP level 1. HP: 19/19 MP: 0/0
   347 | D:1      | Reached skill level 4 in Fighting
   347 | D:1      | Reached XP level 2. HP: 26/27 MP: 1/1
   785 | D:1      | Reached XP level 3. HP: 33/34 MP: 2/2
  1239 | D:2      | Found an ornate altar of the Wu Jian Council.
  1294 | D:2      | Reached ** piety under Trog
  1508 | D:2      | Reached skill level 5 in Fighting
  1508 | D:2      | Reached XP level 4. HP: 29/42 MP: 3/3
  1513 | D:2      | HP: 2/42 [something (3)]
  1514 | D:2      | Killed from afar by an orc wizard

Vault maps used:
D:1:      saegor_arrival_simple_d, hex_large, minmay_hexomino_u4
D:2:      nicolae_overflow_hidden_temple, doesnt_xom_only_xom

Skill      XL: |  1  2  3 |
---------------+----------+-----
Fighting       | 4 5 |  5.2
Axes           | 4 |  4.6
Armour         | 3 |  3.4
Dodging        | |  2.4

Action                   |  1- 3 |  4- 6 || total
-------------------------+-------+-------++-------
Melee: Hand axe          |    77 |     3 ||    80
       Headbutt          |    11 |       ||    11
Invok: Berserk           |     1 |       ||     1
  Use: Scroll            |     4 |       ||     4
       Potion            |     4 |       ||     4
  Eat: Chunk             |     2 |       ||     2
Armor: Animal skin       |    16 |     1 ||    17
Dodge: Dodged            |    55 |       ||    55

Table legend:
 A = Non-vault XP
 B = Vault XP
 C = Vault XP percentage of total XP
 D = Non-vault monster count
 E = Vault monster count
 F = Vault count percentage of total count
                 A         B        C        D         E       F
            +---------+---------+-------+---------+---------+-------
      Total |     143 |      21 |  12.8 |      29 |       5 |  14.7
            +---------+---------+-------+---------+---------+-------
        D:1 |      24 |      21 |  46.7 |      13 |       5 |  27.8
        D:2 |     119 |       0 |   0.0 |      16 |       0 |   0.0
            +---------+---------+-------+---------+---------+-------
